 Dungeon Crawl Stone Soup version 0.29-a0-542-g075992c915 (webtiles) character file.

Game seed: 17060851114431393663

17 spaghetti the Skirmisher (level 2, -5/37 HPs)
             Began as a Barachi Berserker on June 5, 2022.
             Was a Follower of Trog.
             Slain by a goblin
             ... wielding a +0 club
             ... led by Robin
              (6 damage)
             ... on level 2 of the Dungeon.
             The game lasted 00:00:52 (954 turns).

spaghetti the Skirmisher (Barachi Berserker)         Turns: 954, Time: 00:00:53

Health: -5/37      AC:  8    Str: 18    XL:     2   Next: 62%
Magic:  2/2        EV:  7    Int:  7    God:    Trog [*.....]
Gold:   78         SH:  0    Dex: 11    Spells: 1/1 levels left

rFire   . . .      SeeInvis .   a - +0 falchion {long}
rCold   . . .      Faith    .   (no shield)
rNeg    . . .      Spirit   .   e - +0 chain mail
rPois   .          Reflect  .   (no helmet)
rElec   .          Harm     .   (no cloak)
rCorr   .          Rampage  .   (no gloves)
Will    .....                   (no boots)
Stlth   ..........              (no amulet)
HPRegen 0.12/turn               (no ring)
MPRegen 0.08/turn               (no ring)

@: berserking, quick
A: amphibious, slowness 1, strong legs 1, +LOS
a: Hop, Renounce Religion, Berserk


You were on level 2 of the Dungeon.
You worshipped Trog.
Trog was aware of your devotion.
You visited 1 branch of the dungeon, and saw 2 of its levels.

You collected 78 gold pieces.


Innate Abilities, Weirdness & Mutations

You are amphibious.
You cover ground slowly.
You can hop short distances.
You have an extended range of vision and can be seen from far away.


   Skills:
 + Level 4.0 Fighting
 + Level 4.0 Long Blades
 - Level 2.4 Armour
 + Level 2.6 Dodging


You had one spell level left.
You didn't know any spells.
Your spell library contained the following spells:

 Spells                   Type           Power      Damage    Failure   Level
 Freeze                   Ice            0%         1d3       99%         1
 Frozen Ramparts          Ice            0%         1d2       100%        3
 Hailstorm                Conj/Ice       0%         3d3       100%        4

Inventory:

Hand Weapons
 a - a +0 falchion (weapon) {long}
Missiles
 g - 18 stones {throwing}
Armour
 b - a +0 animal skin
 e - a +0 chain mail (worn)
   (You found it on level 1 of the Dungeon)
Scrolls
 c - a scroll of teleportation {unknown}
 d - a scroll of immolation {unknown}
 f - 3 scrolls of fog {unknown}
 h - a scroll of identify {unknown}
 j - a scroll of silence {unknown}
 k - a scroll of torment {unknown}
Potions
 i - a potion of curing {unknown}

Dungeon Overview and Level Annotations

Branches:
Dungeon (2/15)

Altars:

Shops:
D:1 ?

Annotations:
D:2 Robin ### ... ... gr.

#g### . # #.g.#
..####.#g#.#
.....#.#g#g#
#J...#@gg####
..##...ggg....##..
^.................
..####...#........
#.....<........
#....#...#..####..
.........##.#
..###..... .# .
#...... .#


You could see Robin (fast), a quokka, 3 hobgoblins and 7 goblins.


Message History

There is a stone staircase leading up here.
A hobgoblin is nearby!
Unknown command.
A hobgoblin is nearby!
A hobgoblin is nearby!
A hobgoblin is nearby! 2 goblins and an endoplasm come into view.
A goblin is wielding a +2 dagger of venom.
The goblin shouts!
The endoplasm quivers.
You hear a shout!
A goblin comes into view.
It is wielding a +0 dagger. 3 goblins come into view.
The goblin shouts! x4
A hobgoblin comes into view.
A goblin and a hobgoblin come into view.
The hobgoblin shouts!
A quokka comes into view.
The hobgoblin hits you but does no damage.
A hobgoblin comes into view.
A goblin comes into view. It is wielding a +0 club.
Robin of the Strong Arm comes into view.
They are wielding a +0 spear.
Unknown command.
Robin shouts!
The goblin shouts!
You hit the hobgoblin.
The hobgoblin hits you but does no damage.
Robin roars a battlecry!
The goblins go into a battle-frenzy!
You hit the hobgoblin.
The hobgoblin hits you but does no damage.
The goblin hits you with a +0 club.
The hobgoblin hits you but does no damage.
Robin throws the goblin at you! The goblin hits you with a +0 club.
You are too injured to fight recklessly!
You are too injured to fight recklessly!
You are too injured to fight recklessly!
You are too injured to fight recklessly!
You are too injured to fight recklessly!
You are too injured to fight recklessly!
You are too injured to fight recklessly! 😕 HP[-4]
You take 4 damage, and now have 21/25 hp.
You are too injured to fight recklessly!
You are too injured to fight recklessly!
You are too injured to fight recklessly!
You are too injured to fight recklessly!
You are too injured to fight recklessly!
You are too injured to fight recklessly!
You are too injured to fight recklessly!
You are too injured to fight recklessly!
You are too injured to fight recklessly!
You are too injured to fight recklessly!
You are too injured to fight recklessly!
Unknown command.
Unknown command.
You are too injured to fight recklessly!
You barely miss the hobgoblin. The goblin hits you with a +0 club.
The hobgoblin hits you.
Robin drinks a potion.
Robin seems to speed up.
The goblin hits you but does no damage. 😮 HP[-7]
You take 7 damage, and now have 14/25 hp.
MASSIVE DAMAGE!! (PAUSE)
A red film seems to cover your vision as you go berserk!
You feel yourself moving faster!
You feel mighty! The goblin barely misses you. The hobgoblin barely misses you.
The goblin hits you but does no damage. 😮 HP[+7]
You now have 37 max hp (+12).
You regained 7 hp, and now have 21/37 hp.
You slash the hobgoblin!
You kill the hobgoblin!
Trog accepts your kill.
You barely miss the goblin. Robin throws the goblin at you!
The goblin hits you but does no damage. The goblin barely misses you.
The goblin hits you but does no damage. The goblin hits you with a +0 dagger.
* * * LOW HITPOINT WARNING * * *
😨 HP[-6]
You take 6 damage, and now have 15/37 hp.
You closely miss the goblin. The goblin hits you with a +0 club.
* * * LOW HITPOINT WARNING * * *
The goblin hits you but does no damage. x4
You barely miss the goblin. You slash the goblin!
You kill the goblin!
Trog accepts your kill.
Robin roars a battlecry!
The goblins go into a battle-frenzy!
The goblin hits you but does no damage. The goblin closely misses you.
The goblin barely misses you. The goblin hits you with a +0 dagger.
* * * LOW HITPOINT WARNING * * *
😨 HP[-5]
You take 5 damage, and now have 10/37 hp.
You closely miss the goblin. Robin throws the goblin at you!
The goblin hits you but does no damage. The goblin closely misses you.
The goblin hits you with a +0 club.
* * * LOW HITPOINT WARNING * * *
The goblin hits you with a +0 dagger.
* * * LOW HITPOINT WARNING * * *
The goblin hits you with a +0 club.
You die...

Skill      XL: |  1  2 |
---------------+-------+-----
Fighting       | 4 |  4.0
Long Blades    | 4 |  4.0
Armour         | |  2.4
Dodging        | |  2.6

Action                   || total
-------------------------++-------
Melee: Falchion          ||    43
Invok: Berserk           ||     1
Armor: Chain mail        ||    28
       Animal skin       ||     1
Dodge: Dodged            ||    26

Levels and vault maps discovered:
D:1:      heliophobic_arrival_ceremonial_halls, layout_basic, serial_shops,
          shop, ebering_ecumenical_altar_box
D:2:      layout_rooms, kennysheep_generic_room_16, uniq_robin

Notes
Turn   | Place    | Note
-------+----------+-------------------------------------------
     0 | D:1      | spaghetti the Barachi Berserker began the quest for the
                  | Orb.
     0 | D:1      | Reached XP level 1. HP: 18/18 MP: 1/1
     0 | D:1      | magus.rc [v1.9.6]
   189 | D:1      | Found a faded altar of an unknown god.
   213 | D:1      | You pick up a book of Frost {forbidden} and begin
                  | reading...
   213 | D:1      | You add the spells Freeze, Frozen Ramparts and Hailstorm to
                  | your library.
   521 | D:1      | Reached XP level 2. HP: 23/25 MP: 2/2
   672 | D:1      | Found Deext's Magic Scroll Shoppe.
   684 | D:1      | Reached skill level 4 in Fighting
   686 | D:1      | Reached skill level 4 in Long Blades
   944 | D:2      | Noticed Robin
   954 | D:2      | HP: 4/37 [goblin/+0 club[Robin] (6)]
   954 | D:2      | HP: 1/37 [goblin/+0 dagger[Robin] (3)]
   954 | D:2      | Slain by a goblin

Vanquished Creatures
  2 endoplasms (D:1)
  2 giant cockroaches (D:1)
  3 goblins
  A hobgoblin (D:2)
  3 jackals (D:1)
  A kobold (D:1)
  A ball python (D:1)
13 creatures vanquished.

Table legend:
 A = Non-vault XP
 B = Vault XP
 C = Vault XP percentage of total XP
 D = Non-vault monster count
 E = Vault monster count
 F = Vault count percentage of total count
                 A         B        C        D         E       F
            +---------+---------+-------+---------+---------+-------
      Total |      21 |       4 |  16.0 |      11 |       2 |  15.4
            +---------+---------+-------+---------+---------+-------
        D:1 |      21 |       0 |   0.0 |      11 |       0 |   0.0
        D:2 |       0 |       4 | 100.0 |       0 |       2 | 100.0
            +---------+---------+-------+---------+---------+-------

Illustrated notes

Table legend:
 A = Kills in this place as a percentage of kills in entire the game.
 B = Kills by you in this place as a percentage of kills by you in the entire game.
 C = Kills by friends in this place as a percentage of kills by friends in the entire game.
 D = Other kills in this place as a percentage of other kills in the entire game.
 E = Experience gained in this place as a percentage of experience gained in the entire game.
 F = Experience gained in this place divided by the number of levels of this place that you have seen.
                   A       B       C       D       E      F
               +-------+-------+-------+-------+-------+----------------------
         Total | 100.0 | 100.0 |   N/A |   N/A | 100.0 |  12.5
       Dungeon | 100.0 | 100.0 |   N/A |   N/A | 100.0 |  12.5
               +-------+-------+-------+-------+-------+----------------------

Table legend: (Time is in decaauts)
 A = Elapsed time spent in this place.
 B = Non-inter-level travel time spent in this place.
 C = Inter-level travel time spent in this place.
 D = Time resting spent in this place.
 E = Time spent auto-exploring this place.
 F = Levels seen in this place.
 G = Mean time per level.
                   A        B        C        D        E       F      G
               +--------+--------+--------+--------+--------+-----+--------+
         Total |   1073 |   1033 |     40 |      0 |    907 |   2 |  536.5 |
       Dungeon |   1073 |   1033 |     40 |      0 |    907 |   2 |  536.5 |
               +--------+--------+--------+--------+--------+-----+--------+

Top non-repeatable levels by time:
     D:1: 1059 daAuts
     D:2: 13 daAuts
